 Dungeon Sprint DCSS version 0.30-a0-965-g42e074c17a (webtiles) character file.

Game seed: 224603275613218786

1 sircluck the Trooper (level 1, -34/20 HPs)
             Began as a Hill Orc Fighter on Mar 31, 2023.
             Was a Plaything of Xom.
             Killed from afar by a deep elf knight (37 damage)
             ... with a shard of ice
             ... in the Dungeon (Sprint V: "Ziggurat Sprint").
             The game lasted 00:01:29 (712 turns).

sircluck the Trooper (Hill Orc Fighter)              Turns: 712, Time: 00:01:31

Health: -34/20     AC:  6    Str: 18    XL:     1   Next: 20%
Magic:  1/1        EV:  9    Int:  8    God:    Xom [..*...]
Gold:   0          SH:  4    Dex: 10    Spells: 0/0 levels left

rFire   . . .      SeeInvis .    a - +0 war axe
rCold   . . .      Faith    .    c - +0 buckler
rNeg    . . .      Spirit   .    b - +0 scale mail
rPois   .          Reflect  .    (no helmet)
rElec   .          Rampage  .    (no cloak)
rCorr   .          NoTele   +    (no gloves)
Will    .....                    (no boots) Stlth
                                 (no amulet)
HPRegen 0.23/turn                (no ring)
MPRegen 0.07/turn                (no ring)

@: no status effects
A: no striking features
a: Renounce Religion


You were in the Dungeon.
You worshipped Xom.
You were a toy of Xom.
You visited 1 branch

Inventory:

Hand Weapons
 a - a +0 war axe (weapon)
Armour
 b - a +0 scale mail (worn)
 c - a +0 buckler (worn)
Scrolls
 j - 4 scrolls of blinking
 o - 4 scrolls of amnesia
 p - 7 scrolls of fog
 q - 5 scrolls of identify
 r - 2 scrolls of fear
Potions
 d - 6 potions of might
 e - 10 potions of curing
 f - 10 potions of heal wounds
 g - 6 potions of haste
 h - 7 potions of magic
 i - 3 potions of berserk rage
 k - 2 potions of brilliance
 l - 2 potions of invisibility
 m - 4 potions of resistance
 n - a potion of experience


   Skills:
 + Level 3.9 Fighting
 + Level 2.8 Axes
 + Level 3.5 Armour
 + Level 3.5 Shields


You couldn't memorise any spells.
You didn't know any spells.
Your spell library was empty.

Dungeon Overview and Level Annotations

Branches:
Dungeon (1/1)

Altars:
Ashenzari
Cheibriados
Dithmenos
Elyvilon
Fedhas
Gozag
Hepliaklqana
Kikubaaqudgha
Makhleb
Nemelex Xobeh
Okawaru
Qazlal
Ru
Sif Muna
Trog
Uskayaw
Vehumet
Wu Jian
Xom
Yredelemnul
Zin
The Shining One
Beogh
Jiyva
Lugonu


Message History

The ball python zombie closely misses you.
The ball python zombie constricts you.
You block the ball python zombie's attack.
The ball python zombie constricts you.
The ball python zombie barely misses you.
The ball python zombie constricts you.
The ball python zombie bites you but does no damage.
The ball python zombie constricts you.
The ball python zombie bites you but does no damage.
The ball python zombie constricts you.
The ball python zombie closely misses you.
The ball python zombie constricts you.
You block the ball python zombie's attack.
The ball python zombie constricts you. The ball python zombie bites you.
* * * LOW HITPOINT WARNING * * *
The ball python zombie constricts you.
* * * LOW HITPOINT WARNING * * *
The ball python zombie barely misses you.
The ball python zombie constricts you. The ball python zombie bites you.
* * * LOW HITPOINT WARNING * * *
The ball python zombie constricts you.
* * * LOW HITPOINT WARNING * * *
The ball python zombie bites you but does no damage.
The ball python zombie constricts you.
You block the ball python zombie's attack.
The ball python zombie constricts you.
The ball python zombie bites you but does no damage.
The ball python zombie constricts you.
* * * LOW HITPOINT WARNING * * *
You escape the ball python zombie's grasp.
Welcome to arena 2.
You enter the transporter and appear at another place.
A deep elf knight, a +4 mace of draining and a deep elf archer come into view.
The deep elf knight gestures at you while chanting.
The shard of ice hits you!!!
Ouch! That really hurt!
You die...
Xom snickers! ▓▓▓▓▓▓▓▓▓▓▓▓▓ ▓.8©8.▓.8©8.▓ Fhl

▓.e|).▓.....▓
h
▓..(e.▓.|.}.▓
▓.....▓.....▓
▓.....▓.....▓
▓...Z.▓..©..▓
▓..@..▓▓▓▓▓▓▓
▓▓▓▓▓▓▓


Yhh SSN l S S You could see a deep elf archer (repels missiles), a deep elf
knight, a +4 mace of draining and a ball python zombie.

Vanquished Creatures
  A bat zombie (D)
1 creature vanquished.

Notes
Turn   | Place    | Note
-------+----------+-------------------------------------------
     0 | D        | sircluck the Hill Orc Fighter began the quest for the Orb.
     0 | D        | Reached XP level 1. HP: 19/19 MP: 1/1
     5 | D        | Became a worshipper of the Shining One
     6 | D        | Fell from the grace of the Shining One
    11 | D        | Became a worshipper of Zin the Law-Giver
    16 | D        | Fell from the grace of Zin
    16 | D        | Became a worshipper of Yredelemnul the Dark
    19 | D        | Found a bloodstained altar of Trog.
    19 | D        | Found a shimmering blue altar of Sif Muna.
    19 | D        | Found a sacrificial altar of Ru.
    19 | D        | Found a stormy altar of Qazlal.
    21 | D        | Fell from the grace of Yredelemnul
    21 | D        | Became a worshipper of Xom of Chaos
    76 | D        | XOM: divination: magic mapping
   311 | D        | XOM: noise
   601 | D        | Found an iron altar of Okawaru.
   603 | D        | Found a sparkling altar of Nemelex Xobeh.
   603 | D        | Found a blossoming altar of Fedhas.
   603 | D        | Found the +6 Majin-Bo {spellvamp, MP+6 Int+6}
   603 | D        | Found the +27 heavy crossbow "Sniper" {heavy, Acc+∞ SInv}
   603 | D        | Found the +10 dark maul {heavy}
   603 | D        | Found the +15 Maxwell's patent armour {-Cast -Tele rElec
                  | Will+ rCorr}
   603 | D        | Found the +18 shield of the Gong {Loud rN+ Will+ rCorr
                  | EV-5}
   603 | D        | Found the +16 obsidian axe {drain, demonic, Mesm Drain Fly
                  | SInv}
   603 | D        | Found the +7 great mace "Firestarter" {flame, inner flame,
                  | rFlCloud rF++}
   603 | D        | Found the +6 shillelagh "Devastator" {shatter}
   603 | D        | Found the +11 plutonium sword {Contam Stlth-}
   603 | D        | Found the +8 lance "Wyrmbane" {slay drac, rPois rF+ rC+
                  | AC+3}
   603 | D        | Found the +9 sword of Zonguldrok {reap}
   603 | D        | Found the +13 scythe of Curses {drain, curses, Drain}
   603 | D        | Found the +9 sword of Power {lifebolt}
   603 | D        | Found the +7 mace of Variability {chaos, chain chaos}
   603 | D        | Found the +11 Singing Sword {sonic wave}
   603 | D        | Found the +8 storm bow {elec, penet}
   605 | D        | Found a transporter.
   605 | D        | Found an ancient bone altar of Kikubaaqudgha.
   605 | D        | Found a viscous altar of Jiyva.
   605 | D        | Found a corrupted altar of Lugonu.
   605 | D        | Found a hazy altar of Hepliaklqana.
   605 | D        | Found a burning altar of Makhleb.
   605 | D        | Found an opulent altar of Gozag.
   614 | D        | Entered arena 2.
   614 | D        | Found a transporter.
   621 | D        | XOM: divination: detect creatures
   674 | D        | XOM: silly message
   687 | D        | XOM: divination: detect creatures
   692 | D        | XOM: divination: detect creatures
   712 | D        | Entered arena 3.
   712 | D        | Noticed a deep elf knight
   712 | D        | Noticed a +4 mace of draining
   712 | D        | Noticed a deep elf archer
   712 | D        | Found a transporter.
   712 | D        | Killed from afar by a deep elf knight

Illustrated notes

Levels and vault maps discovered:
D:        sprint_v [room_start, room_1, room_2, room_3, room_4, room_5, room_6,
          room_7, room_8, room_9, room_10, room_11, room_12, room_13, room_14,
          room_15, room_16, room_17, room_18, room_19, room_20, room_21,
          room_22, room_23, room_24, room_25, room_26, room_27]

Action                     || total
---------------------------++-------
  Melee: War axe           ||     2
 Invoke: Renounce Religion ||     1
 Armour: Scale mail        ||    36
  Dodge: Dodged            ||    33
  Block: Buckler           ||    18

Table legend: (Time is in decaauts)
 A = Elapsed time spent in this place.
 B = Non-inter-level travel time spent in this place.
 C = Inter-level travel time spent in this place.
 D = Time resting spent in this place.
 E = Time spent auto-exploring this place.
 F = Levels seen in this place.
 G = Mean time per level.
                   A        B        C        D        E       F      G
               +--------+--------+--------+--------+--------+-----+--------+
         Total |    712 |    707 |      5 |    579 |      0 |   1 |  712.0 |
       Dungeon |    712 |    707 |      5 |    579 |      0 |   1 |  712.0 |
               +--------+--------+--------+--------+--------+-----+--------+

Top non-repeatable levels by time:
       D: 712 daAuts
